 Dungeon Sprint DCSS version 0.19-a0-1292-g796ee4d (webtiles) character file.

177488 Kidiri the Executioner (level 17, -6/181 HPs)
             Began as a Naga Fighter on Aug 30, 2016.
             Was the Champion of Cheibriados.
             Killed from afar by a lich (67 damage)
             ... with a crystal spear
             ... in the Dungeon (Sprint VII: "The Pits").
             The game lasted 00:27:42 (5583 turns).

Kidiri the Executioner (Naga Fighter)               Turns: 5583, Time: 00:27:43

Health: -6/181     AC: 36    Str: 47    XL:     17   Next: 85%
Magic:  15/31      EV: 22    Int: 24    God:    Cheibriados [******]
Gold:   93         SH: 35    Dex: 28    Spells: 0 memorised, 16 levels left

rFire  . . .     SeeInvis +     c - +5 broad axe
rCold  + . .     Gourm    .     G - +4 plate armour of Quexal {Str+6}
rNeg   . . .     Faith    .     D - +0 large shield {rC+}
rPois  +         Spirit   .     x - +1 helmet
rElec  .         Dismiss  .     z - +1 cloak
rCorr  .         Reflect  +     a - +1 pair of gloves
MR     ++...     Harm     .     (no barding)
Stlth  .......... NoTele   +    L - +5 amulet of reflection
                                j - +3 ring of protection
                                h - +3 ring of strength

@: very slow
A: see invisible, deformed body, poison resistance, slowness 2, slow metabolism
1, spit poison 2, wild magic 1, constrict 1, AC +5
a: Spit Poison, Bend Time, Temporal Distortion, Slouch, Step From Time, Renounce
Religion
}: 1/15 runes: golden


You were in the Dungeon.
You worshipped Cheibriados.
Cheibriados was exalted by your worship.
You were not hungry.

You visited 1 branch You collected 93 gold pieces.

Inventory:

Hand Weapons
 c - a +5 broad axe (weapon)
Armour
 a - a +1 pair of gloves (worn)
 x - a +1 helmet (worn)
 z - a +1 cloak (worn)
 D - a +0 large shield of cold resistance (worn)
 G - the +4 plate armour of Quexal (worn) {Str+6}
   (You found it in the Dungeon)

   It affects your strength (+6).
Rods
 C - a +3 rod of ignition (10/10)
   (You took it off Nessos in the Dungeon)
 K - a +7 lightning rod (11/11)
   (You took it off a fire giant in the Dungeon)
Jewellery
 h - a +3 ring of strength (left hand)
 j - a +3 ring of protection (right hand)
 u - a +3 ring of evasion
 w - an uncursed ring of protection from cold
 B - an uncursed ring of protection from fire
 L - a +5 amulet of reflection (around neck)
 M - an uncursed ring of positive energy
 N - the ring of Suicidal Tendencies {rN+ MR+ MP+9 Stlth+}
   (You found it in the Dungeon)

   [ring of magical power]

   It protects you from negative energy.
   It affects your resistance to hostile enchantments.
   It affects your magic capacity (+9).
   It makes you more stealthy.
Scrolls
 b - 4 scrolls of identify
 k - 2 scrolls of blinking
 m - 6 scrolls of remove curse
 n - 5 scrolls of amnesia
 o - a scroll of summoning
 y - 2 scrolls of recharging
 A - a scroll of fear
 Q - a scroll of enchant weapon
Potions
 d - 2 potions of might
 e - 8 potions of curing
 g - 2 potions of heal wounds
 i - a potion of magic
 l - 2 potions of invisibility
 r - 2 potions of agility
 t - 3 potions of cure mutation
Comestibles
 f - 12 bread rations
 p - 40 fruits
 q - 6 meat rations


   Skills:
 + Level 18.8 Fighting
 * Level 24.6 Axes
 * Level 21.5 Armour
 + Level 16.0 Dodging
 * Level 21.4 Shields
 + Level 20.0 Invocations


You had 16 spell levels left.
You didn't know any spells.

Dungeon Overview and Level Annotations

Branches:
Dungeon (1/1)

Altars:
Ashenzari
Cheibriados
Dithmenos
Elyvilon
Fedhas
Gozag
Hepliaklqana
Kikubaaqudgha
Makhleb
Nemelex Xobeh
Okawaru
Qazlal
Ru
Sif Muna
Trog
Uskayaw
Vehumet
Xom
Yredelemnul
Zin
The Shining One
Beogh
Jiyva
Lugonu


Innate Abilities, Weirdness & Mutations

You cannot wear boots.
Your serpentine skin is tough. (AC +5)
You have supernaturally acute eyesight. (SInv)
Armour fits poorly on your strangely shaped body.
Your system is resistant to poisons. (rPois)
You cover ground very slowly.
You have a slow metabolism.
You can spit poison.
You can use your snake-like lower body to constrict enemies.
Your spells are a little harder to cast, but a little more powerful.


Message History

An ogre mage comes into view. It is wielding a spear.
You can feel time thicken for a moment.
You kill the deep elf demonologist!
Cheibriados thoroughly appreciates the change of pace.
The green death disappears in a puff of smoke!
The hell beast disappears in a puff of smoke!
The hellwing disappears in a puff of smoke! x2
Your Invocations skill increases to level 20!
You feel somewhat more hungry. You block the red draconian's attack.
Unknown command.
You block the lich's attack.
You block the green draconian zealot's attack. x2
The red draconian completely misses you.
The lich touches you but does no damage.
The red draconian completely misses you.
You block the green draconian zealot's attack.
The green draconian zealot tail-slaps you but does no damage.
The lich points at you and mumbles some strange words.
The crystal spear hits you!
You die...

##).###....####..#..#
)(.).)).......+..#..#
.).)..)....####..#..#
#)...####..#.....#..#
#....#((#..#[[#[[#..#
##..##((+..#[[#[[#..#
##################''#
####ยง'# #q@[..#
....OqL#d.##
#....q###):# .....p
..## #N.#. ##.: .. #
..:# . ..:# ..:#
##.:#


You could see a red draconian, a greater naga (wandering), a green draconian
zealot, a black draconian annihilator, a green draconian scorcher, a lich, an
ogre mage and a wizard.

Vanquished Creatures
  An orb of fire (D)
  2 greater mummies (D)
  A lich (D)
  2 electric golems (D)
  A Tzitzimitl (D)
  An Ice Fiend (D)
  A Hell Sentinel (D)
  11 titans (D)
  A quicksilver dragon (D)
  An Executioner (D)
  An acid blob (D)
  14 fire giants (D)
  An iron dragon (D)
  10 frost giants (D)
  2 orc warlords (D)
  A deep elf demonologist (D)
  12 stone giants (D)
  A dire elephant (D)
  Nessos (D)
  A yellow draconian (D)
  10 ettins (D)
  3 yaktaur captains (D)
  Josephine (D)
  A deep elf high priest (D)
  3 naga warriors (D)
  A hell beast (D)
  A spriggan air mage (D)
  A hydra (D)
  3 vault guards (D)
  A death knight (D)
  A catoblepas (D)
  6 death yaks (D)
  A vampire mage (D)
  4 hell hogs (D)
  A spriggan (D)
  A fire crab (D)
  2 deep elf knights (D)
  A shadow wraith (D)
  A sixfirhy (D)
  A spriggan druid (D)
  An unseen horror (D)
  A phantasmal warrior (D)
  A flayed ghost (D)
  A sea snake (D)
  2 deep trolls (D)
  A lindwurm (D)
  13 hill giants (D)
  A large abomination (D)
  11 orc knights (D)
  A deep elf mage (D)
  An orc sorcerer (D)
  10 cyclopes (D)
  A salamander (D)
  2 naga magi (D)
  2 gargoyles (D)
  2 spiny frogs (D)
  2 efreet (D)
  A hellion (D)
  A freezing wraith (D)
  14 yaktaurs (D)
  A red devil (D)
  An ice devil (D)
  A guardian mummy (D)
  A hellwing (D)
  A bog body (D)
  A two-headed ogre (D)
  A raiju (shapeshifter) (D)
  4 blink frogs (D)
  2 air elementals (D)
  A shadow (D)
  3 yaks (D)
  4 redbacks (D)
  Eustachio (D)
  A wyvern (D)
  A vampire (D)
  A fire bat (D)
  A water elemental (D)
  A hippogriff (D)
  A basilisk (D)
  3 vampire mosquitoes (D)
  A chaos spawn (D)
  A hungry ghost (D)
  A mottled dragon (D)
  5 nagas (D)
  A soldier ant (D)
  A giant eyeball (D)
  2 wasps (D)
  A black bear (D)
  An ogre (D)
  A centaur (D)
  An earth elemental (D)
  A scorpion (D)
  An iron imp (D)
  A jelly (D)
  5 orc priests (D)
  5 orc wizards (D)
  2 worker ants (D)
  An adder (D)
  A river rat (D)
  3 ufetubi (D)
  2 giant geckos (D)
  12 orcs (D)
  A bat zombie (D)
  A hobgoblin (D)
  3 jackals (D)
  A quokka (D)
  3 bats (D)
  A kobold (D)
  A quokka simulacrum (D)
  A quokka skeleton (D)
  2 rats (D)
274 creatures vanquished.

Vanquished Creatures (others)
  Khufu (D)
  3 deep elf master archers (D)
  A storm dragon (D)
  A deep elf sorcerer (D)
  A frost giant (D)
  A draconian scorcher (D)
  3 ghouls (D)
  2 draconian shifters (D)
  A reaper (D)
  An apis (D)
  A green draconian (D)
  A white draconian (D)
  A deep elf death mage (D)
  An ettin (D)
  2 green deaths (D)
  A blizzard demon (D)
  A vault guard (D)
  2 ice dragons (D)
  A rakshasa (D)
  A vampire mage (D)
  A large abomination (D)
  A death drake (D)
  A manticore (D)
  An ugly thing (D)
  A black mamba (shapeshifter) (D)
  2 hellions (D)
  A yaktaur (D)
  A raiju (shapeshifter) (D)
  A bog body (D)
  A golden eye (D)
  A neqoxec (D)
  A swamp worm (shapeshifter) (D)
  A necrophage (D)
  2 mummies (D)
43 creatures vanquished.

Grand Total: 317 creatures vanquished

Notes
Turn   | Place    | Note
-------+----------+-------------------------------------------
     0 | D        | Kidiri the Naga Fighter began the quest for the Orb.
     0 | D        | Reached XP level 1. HP: 21/21 MP: 1/1
    48 | D        | Found a radiant altar of Vehumet.
    48 | D        | Found a hide-covered altar of Uskayaw.
    48 | D        | Found an ancient bone altar of Kikubaaqudgha.
    48 | D        | Found a viscous altar of Jiyva.
    48 | D        | Found a hazy altar of Hepliaklqana.
    49 | D        | Found a bloodstained altar of Trog.
    49 | D        | Found a deep blue altar of Sif Muna.
    49 | D        | Found a sacrificial altar of Ru.
    49 | D        | Found a stormy altar of Qazlal.
    49 | D        | Found an iron altar of Okawaru.
    49 | D        | Found a sparkling altar of Nemelex Xobeh.
    49 | D        | Found an opulent altar of Gozag.
    49 | D        | Found a blossoming altar of Fedhas.
    49 | D        | Found a white marble altar of Elyvilon.
    49 | D        | Found a shadowy altar of Dithmenos.
    49 | D        | Found a snail-covered altar of Cheibriados.
    50 | D        | Found a glowing golden altar of the Shining One.
    50 | D        | Found a glowing silver altar of Zin.
    51 | D        | Found a burning altar of Makhleb.
    51 | D        | Found a basalt altar of Yredelemnul.
    51 | D        | Found a roughly hewn altar of Beogh.
    52 | D        | Found a corrupted altar of Lugonu.
    52 | D        | Found a shimmering altar of Xom.
    52 | D        | Found a shattered altar of Ashenzari.
    73 | D        | Became a worshipper of Cheibriados the Contemplative
    95 | D        | Reached * piety under Cheibriados
   110 | D        | Reached ** piety under Cheibriados
   110 | D        | Reached skill level 1 in Invocations
   113 | D        | Noticed a worker ant
   123 | D        | Killed a worker ant
   123 | D        | Reached *** piety under Cheibriados
   123 | D        | Reached skill level 3 in Axes
   123 | D        | Reached skill level 1 in Dodging
   123 | D        | Reached XP level 2. HP: 11/30 MP: 1/3
   123 | D        | Reached XP level 3. HP: 14/36 MP: 1/4
   125 | D        | Reached **** piety under Cheibriados
   360 | D        | Killed a hellion
   375 | D        | Noticed a giant eyeball
   377 | D        | Reached ***** piety under Cheibriados
   377 | D        | Reached skill level 4 in Axes
   377 | D        | Reached XP level 4. HP: 33/44 MP: 5/5
   381 | D        | Paralysed by a giant eyeball for 2 turns
   390 | D        | Paralysed by a giant eyeball for 2 turns
   393 | D        | Killed a giant eyeball
   393 | D        | Reached skill level 5 in Axes
   393 | D        | Reached skill level 5 in Armour
   393 | D        | Reached XP level 5. HP: 28/51 MP: 5/7
   393 | D        | Reached ****** piety under Cheibriados
   393 | D        | Reached skill level 5 in Fighting
   393 | D        | Reached skill level 5 in Shields
   393 | D        | Reached skill level 6 in Axes
   393 | D        | Reached XP level 6. HP: 33/61 MP: 5/9
   437 | D        | Killed a black mamba
   437 | D        | Killed a hellion
   439 | D        | Killed a necrophage
   445 | D        | Killed a swamp worm
   451 | D        | Killed a raiju
   519 | D        | Noticed Josephine
   524 | D        | Killed Josephine
   524 | D        | Reached skill level 8 in Axes
   524 | D        | Reached XP level 7. HP: 26/70 MP: 4/11
   524 | D        | Reached XP level 8. HP: 30/78 MP: 4/12
   528 | D        | Killed a deep elf master archer
   561 | D        | Killed a green death
   567 | D        | Killed a ghoul
   657 | D        | Killed an ice dragon
   706 | D        | Killed a storm dragon
   736 | D        | Killed a deep elf master archer
   739 | D        | Killed a bog body
   751 | D        | Killed a ghoul
   751 | D        | Killed a vampire mage
   761 | D        | Killed an apis
   777 | D        | Noticed a freezing wraith
   777 | D        | Noticed a shadow
   779 | D        | Killed a shadow
   779 | D        | Reached skill level 9 in Axes
   779 | D        | Reached skill level 5 in Dodging
   779 | D        | Killed a freezing wraith
   779 | D        | Reached XP level 9. HP: 86/86 MP: 7/14
   780 | D        | Killed a deep elf sorcerer
   783 | D        | Killed an ettin
   784 | D        | Killed an ice dragon
   786 | D        | Killed a vault guard
   787 | D        | Killed a yaktaur
   794 | D        | Killed a green ugly thing
   834 | D        | Killed a deep elf death mage
   856 | D        | Killed a green death
   896 | D        | Killed a rakshasa
   898 | D        | Killed a deep elf master archer
   906 | D        | Killed a blizzard demon
   907 | D        | Killed a large abomination
   925 | D        | Killed a death drake
   929 | D        | Killed a white draconian
   983 | D        | Noticed a gargoyle
   985 | D        | Killed a gargoyle
   986 | D        | Reached skill level 10 in Axes
   988 | D        | Killed a black draconian shifter
  1020 | D        | Noticed a gargoyle
  1031 | D        | Killed a gargoyle
  1138 | D        | Killed a white draconian shifter
  1148 | D        | Noticed a catoblepas
  1148 | D        | Reached XP level 10. HP: 74/98 MP: 16/16
  1162 | D        | Reached skill level 11 in Axes
  1162 | D        | Killed a catoblepas
  1163 | D        | Reached skill level 10 in Armour
  1413 | D        | Killed a red draconian scorcher
  1460 | D        | Killed a green draconian
  1465 | D        | Noticed a deep elf mage
  1465 | D        | Noticed a flayed ghost
  1466 | D        | Noticed an orange demon
  1467 | D        | Killed a deep elf mage
  1467 | D        | Reached skill level 10 in Shields
  1468 | D        | Killed a flayed ghost
  1468 | D        | Reached skill level 12 in Axes
  1470 | D        | Killed a ghoul
  1522 | D        | Noticed a death yak
  1531 | D        | Killed a death yak
  1539 | D        | Noticed a fire crab
  1541 | D        | Reached XP level 11. HP: 106/106 MP: 12/18
  1546 | D        | Killed a fire crab
  1656 | D        | Noticed an orc sorcerer
  1656 | D        | Noticed a deep troll
  1659 | D        | Killed an orc sorcerer
  1659 | D        | Killed a deep troll
  1659 | D        | Reached skill level 10 in Invocations
  1713 | D        | Noticed an unseen horror
  1715 | D        | Killed an unseen horror
  1715 | D        | Reached skill level 10 in Fighting
  1715 | D        | Reached skill level 13 in Axes
  1924 | D        | Noticed a phantasmal warrior
  1931 | D        | Killed a phantasmal warrior
  1932 | D        | Noticed Eustachio
  1961 | D        | Killed Eustachio
  2025 | D        | Noticed a sixfirhy
  2025 | D        | Noticed a shadow wraith
  2026 | D        | Killed a sixfirhy
  2027 | D        | Killed a shadow wraith
  2035 | D        | Noticed a lindwurm
  2038 | D        | Noticed a sea snake
  2039 | D        | Killed a lindwurm
  2039 | D        | Killed a sea snake
  2138 | D        | Noticed a salamander
  2139 | D        | Noticed a naga warrior
  2141 | D        | Reached XP level 12. HP: 118/118 MP: 14/20
  2142 | D        | Reached skill level 14 in Axes
  2151 | D        | Killed a naga warrior
  2356 | D        | Noticed a spriggan rider
  2357 | D        | Noticed a fire giant
  2366 | D        | Killed a fire giant
  2366 | D        | Reached skill level 15 in Axes
  2376 | D        | Noticed Nessos
  2376 | D        | Killed a spriggan rider
  2381 | D        | Killed Nessos
  2385 | D        | Noticed a death knight
  2393 | D        | Killed a death knight
  2393 | D        | Gained mutation: You can use your snake-like lower body to constrict enemies. [Naga growth]
  2393 | D        | Reached XP level 13. HP: 43/128 MP: 2/22
  2534 | D        | Gained mutation: Your spells are a little harder to cast, but a little more powerful. [mutagenic meat]
  2664 | D        | Killed a reaper
  2902 | D        | Noticed a fire giant
  2904 | D        | Reached skill level 10 in Dodging
  2905 | D        | Reached skill level 16 in Axes
  2907 | D        | Killed a fire giant
  2918 | D        | Got the +4 plate armour of Quexal {Str+6}
  3092 | D        | Noticed an orc warlord
  3092 | D        | Noticed an orc warlord
  3097 | D        | Reached skill level 17 in Axes
  3098 | D        | Killed an orc warlord
  3099 | D        | Killed an orc warlord
  3099 | D        | Reached skill level 15 in Armour
  3099 | D        | Reached XP level 14. HP: 132/141 MP: 5/24
  3119 | D        | Reached skill level 15 in Shields
  3162 | D        | Noticed a dire elephant
  3169 | D        | Killed a dire elephant
  3213 | D        | Reached skill level 18 in Axes
  3414 | D        | Noticed a Tzitzimitl
  3418 | D        | Killed a Tzitzimitl
  3558 | D        | Noticed an Executioner
  3567 | D        | Killed an Executioner
  3612 | D        | Killed a frost giant
  3630 | D        | Noticed an Ice Fiend
  3634 | D        | Killed an Ice Fiend
  3946 | D        | Noticed a greater mummy
  3950 | D        | Noticed an emperor scorpion
  3956 | D        | Killed a greater mummy
  3956 | D        | Reached skill level 19 in Axes
  3956 | D        | Reached skill level 15 in Invocations
  4015 | D        | Noticed an acid blob
  4024 | D        | Killed an acid blob
  4024 | D        | Reached XP level 15. HP: 51/152 MP: 26/26
  4311 | D        | Noticed an electric golem
  4311 | D        | Noticed a titan
  4311 | D        | Noticed an electric golem
  4315 | D        | Killed an electric golem
  4315 | D        | Killed an electric golem
  4318 | D        | Killed a titan
  4352 | D        | Noticed an orb of fire
  4355 | D        | Killed an orb of fire
  4355 | D        | Reached skill level 15 in Fighting
  4355 | D        | Reached skill level 20 in Axes
  4563 | D        | Noticed an iron dragon
  4572 | D        | Killed an iron dragon
  4617 | D        | Killed Khufu
  4659 | D        | Noticed a greater mummy
  4670 | D        | Killed a greater mummy
  4872 | D        | Noticed a quicksilver dragon
  4876 | D        | Killed a quicksilver dragon
  4885 | D        | Noticed a Hell Sentinel
  4892 | D        | Killed a Hell Sentinel
  4941 | D        | Noticed a lich
  4948 | D        | Killed a lich
  5013 | D        | Noticed a titan
  5013 | D        | Noticed a titan
  5013 | D        | Noticed a frost giant
  5013 | D        | Noticed a frost giant
  5013 | D        | Noticed a frost giant
  5013 | D        | Noticed a fire giant
  5013 | D        | Noticed a titan
  5013 | D        | Noticed a titan
  5013 | D        | Noticed a frost giant
  5013 | D        | Noticed a fire giant
  5013 | D        | Noticed a fire giant
  5013 | D        | Noticed a fire giant
  5016 | D        | Noticed a fire giant
  5017 | D        | Noticed a fire giant
  5017 | D        | Reached XP level 16. HP: 142/165 MP: 17/28
  5018 | D        | Noticed a titan
  5018 | D        | Noticed a titan
  5018 | D        | Noticed a titan
  5018 | D        | Noticed a titan
  5018 | D        | Noticed a titan
  5019 | D        | Reached skill level 21 in Axes
  5021 | D        | Killed a titan
  5023 | D        | Reached skill level 22 in Axes
  5027 | D        | Reached XP level 17. HP: 34/177 MP: 27/30
  5028 | D        | Killed a titan
  5028 | D        | Reached skill level 23 in Axes
  5028 | D        | Killed a titan
  5028 | D        | Reached skill level 15 in Dodging
  5028 | D        | Killed a titan
  5028 | D        | Killed a titan
  5028 | D        | Killed a titan
  5029 | D        | Killed a titan
  5029 | D        | Killed a titan
  5030 | D        | Killed a titan
  5037 | D        | Noticed a titan
  5038 | D        | Reached skill level 24 in Axes
  5043 | D        | Killed a titan
  5125 | D        | Got the ring of Suicidal Tendencies {rN+ MR+ MP+9 Stlth+}
  5157 | D        | Got the amulet of Watesod {+Rage rF+++ MR++ Str-3 Slay+5}
  5177 | D        | Got the cursed ring "Sunil" {+Blink Str-4 Int+4 Dex-4 SInv}
  5185 | D        | Got a golden rune of Zot
  5201 | D        | Got the ring "Venup" {Ice +Fly}
  5580 | D        | Noticed a Tzitzimitl
  5581 | D        | Noticed a lich
  5583 | D        | Killed from afar by a lich

Vault maps used:
D:        pitsprint

Skill      XL: |  1  2  3  4  5  6  7  8  9 10 11 12 13 14 15 16 17 |
---------------+----------------------------------------------------+-----
Invocations    | 1 2 3 4 6 7 8 9 10 12 13 15 16 18 20 | 20.0
Axes           | 3 4 5 6 8 9 10 12 13 15 17 19 20 22 24 | 24.6
Armour         | 3 5 7 8 9 10 12 13 15 16 18 20 21 | 21.5
Dodging        | 1 2 3 4 5 6 7 8 9 10 12 13 14 16 | 16.0
Shields        | 3 4 5 7 8 9 10 12 13 14 16 18 19 21 | 21.4
Fighting       | 4 5 6 7 8 9 10 11 13 14 15 17 18 | 18.8

Action                   |  1- 3 |  4- 6 |  7- 9 | 10-12 | 13-15 | 16-18 || total
-------------------------+-------+-------+-------+-------+-------+-------++-------
Melee: War axe           |    24 |    26 |    20 |       |       |       ||    70
       Broad axe         |       |       |    10 |    73 |   108 |    19 ||   210
       Constrict         |       |       |       |       |    13 |     2 ||    15
Invok: Slouch            |       |     2 |     4 |    31 |    39 |    19 ||    95
       Bend Time         |       |       |       |       |       |     1 ||     1
 Abil: Spit Poison       |       |     2 |       |     1 |       |       ||     3
  Use: Potion            |     2 |     3 |       |     3 |     2 |     7 ||    17
       Scroll            |       |       |       |       |     2 |       ||     2
 Stab: Petrified         |       |       |       |     1 |       |       ||     1
  Eat: Chunk             |       |       |       |     2 |     3 |       ||     5
       Meat ration       |       |       |       |     1 |     2 |     1 ||     4
       Pizza             |       |       |       |       |       |     1 ||     1
Armor: Scale mail        |    15 |       |       |       |       |       ||    15
       Chain mail        |     2 |    14 |     9 |       |       |       ||    25
       Ring mail         |       |       |     8 |    36 |     5 |       ||    49
       Plate armour      |       |       |       |       |    44 |    15 ||    59
Dodge: Dodged            |       |     3 |    14 |    54 |    45 |    20 ||   136
Block: Shield            |    16 |    14 |    33 |    41 |       |       ||   104
       Large shield      |       |       |       |    60 |   146 |    45 ||   251
